AoeStats
← KootH.

Arena

506528027Analyzed
4v4 RM · 18d ago on Sep 13, 2026· 39m 46s· 8 players
Game mode
Random Map
Map size
Large (8 player)
Population
200
Speed
Normal
Resources
Standard
Victory
Conquest
Starting age
Dark Age
Ending age
Imperial Age
RankedLock teamsTeams togetherTeam positionsShared explorationLock speedFull tech treeHidden civsTurbo modeCheats
Victory
Defeat
🇦🇷 Magyars · Argentina
1623
+8
🇦🇷 Bohemians · Argentina
1527
+11
🇦🇷 Teutons · Argentina
1471
+13
🇦🇷 Persians · Argentina
1469
+14
🇮🇳 Romans · India
1471
-13
🇨🇴 Berbers · Colombia
1426
-12
🇮🇳 Persians · India
1403
-11
🇮🇳 Malay · India
1380
-10
KootH.
10:13 Feudal Age
14:21 Castle Age
12:41 Double-Bit Axe
13:01 Horse Collar
15:11 Bow Saw
18:25 Light Cavalry
20:43 Loom
22:32 Bloodlines
22:23 Husbandry
23:40 Wheelbarrow
25:54 Hand Cart
30:51 Imperial Age
30:49 Scale Barding Armor
30:55 Forging
31:19 Hussar
33:04 Heavy Camel Rider
35:51 Chain Barding Armor
36:07 Iron Casting
36:59 Town Watch
EMPEROR98265292
10:15 Feudal Age
10:42 Loom
14:02 Castle Age
13:44 Double-Bit Axe
20:39 Man-at-Arms
21:20 Squires
20:42 Pikeman
22:55 Long Swordsman
23:36 Scale Mail Armor
25:46 Scale Mail Armor
Sanskari Ladka
10:44 Feudal Age
14:18 Castle Age
12:12 Double-Bit Axe
12:08 Horse Collar
14:19 Wheelbarrow
15:27 Bow Saw
15:35 Heavy Plow
20:56 Loom
25:59 Wheelbarrow
28:57 Imperial Age
26:13 Town Watch
27:14 Scale Barding Armor
27:20 Forging
28:26 Chain Barding Armor
29:22 Iron Casting
28:46 Elite War Elephant
30:46 Plate Barding Armor
34:28 Blast Furnace
33:59 Devotion
36:12 Faith
AL. EviL DeEdZ
5:00 Loom
10:23 Feudal Age
10:51 Feudal Age
13:23 Fletching
36:09 Castle Age
37:57 Sanctity
Jjota
10:56 Feudal Age
15:19 Castle Age
17:37 Double-Bit Axe
20:43 Loom
25:20 Bow Saw
24:50 Horse Collar
25:04 Gold Mining
27:05 Wheelbarrow
27:12 Heavy Plow
27:47 Gold Shaft Mining
27:06 Stone Mining
30:58 Imperial Age
28:55 Hand Cart
28:26 Town Watch
29:03 Forging
28:59 Scale Barding Armor
30:38 Iron Casting
31:09 Chain Barding Armor
31:23 Bloodlines
31:13 Husbandry
30:36 Cavalier
31:39 Conscription
32:39 Savar
34:37 Plate Barding Armor
35:04 Blast Furnace
35:06 Heavy Camel Rider
sales96
10:27 Feudal Age
15:10 Castle Age
13:52 Double-Bit Axe
14:40 Scale Barding Armor
15:04 Horse Collar
17:23 Loom
19:31 Town Watch
25:03 Wheelbarrow
25:23 Bow Saw
27:12 Heavy Plow
32:24 Imperial Age
30:09 Scale Mail Armor
31:15 Chain Mail Armor
30:22 Pikeman
31:49 Gold Mining
32:14 Arson
32:45 Hand Cart
32:33 Halberdier
33:39 Sanctity
34:01 Fletching
35:17 Bodkin Arrow
35:57 Illumination
36:34 Theocracy
38:52 Crop Rotation
39:23 Two-Man Saw
38:25 Bracer
38:07 Treadmill Crane
39:08 Gold Shaft Mining
38:24 Stone Mining
39:43 Chain Barding Armor
39:35 Masonry
40:15 Block Printing
40:11 Fervor
40:20 Fervor
40:23 Siege Engineers
luch0_ta
5:04 Loom
9:08 Feudal Age
15:44 Fletching
17:04 Horse Collar
17:10 Double-Bit Axe
25:21 Castle Age
27:09 Bow Saw
27:44 Heavy Plow
28:36 Gold Mining
29:26 Scale Mail Armor
30:13 Gambesons
33:14 Fervor
33:25 Sanctity
38:38 Imperial Age
36:44 Wheelbarrow
35:54 Town Watch
40:02 Theocracy
40:18 Block Printing
pela
10:05 Feudal Age
10:29 Loom
13:46 Castle Age
18:36 Fervor
19:04 Fletching
20:49 Sanctity
21:19 Redemption
27:44 Bodkin Arrow
31:06 Imperial Age
34:10 Elite Hussite Wagon
36:08 Double-Bit Axe
37:33 Scale Mail Armor
37:43 Forging
37:48 Pikeman
38:29 Squires
38:14 Arson
39:39 Chain Mail Armor
40:00 Iron Casting
39:40 Chain Mail Armor
40:00 Iron Casting
40:11 Block Printing
Connection lost

Rejoining the realm…

Still unreachable

The connection could not be restored.

Session expired

The server has moved on; the page needs a fresh start.